 Dungeon Crawl Stone Soup version 0.31-a0-229-g1fc7ce93e2 (webtiles) character file.

Game seed: 16167624137882308238

102 qw the Shooter (level 4, 0/26 HPs)
             Began as a Gargoyle Hexslinger on July 6, 2023.
             Slain by an adder (3 damage)
             ... on level 2 of the Dungeon.
             The game lasted 00:00:48 (1801 turns).

qw the Shooter (Gargoyle Hexslinger)                Turns: 1801, Time: 00:00:49

Health: 0/26       AC: 12    Str: 12    XL:     4   Next: 78%
Magic:  5/5        EV: 10    Int: 13    God:
Gold:   102        SH:  0    Dex: 14    Spells: 4/5 levels left

rFire   . . .        Y - +2 sling
rCold   . . .        (no shield)
rNeg    + . .        k - +4 ring mail of Indestructible Leaves {rElec Will+}
rPois   inf          (no helmet)
rElec   +            (no cloak)
rCorr   .            (no gloves)
SInv    .            (no boots)
Will    +....        (no amulet)
Stlth   +            (no ring)
HPRegen 0.24/turn    (no ring)
MPRegen 0.09/turn

%: no passive effects
@: no status effects
A: sickness immunity, AC +3, negative energy resistance 1, electricity
resistance, torment resistance 1, petrification resistance
a: no special abilities


You were on level 2 of the Dungeon.
You visited 1 branch of the dungeon, and saw 3 of its levels.

You collected 102 gold pieces.


Innate Abilities, Weirdness & Mutations

You are immune to sickness and miasma.
Your stone body is resilient. (AC +3)
You are immune to poison.
You resist negative energy. (rN+)
You are resistant to electric shocks. (rElec)
You are resistant to unholy torment.
You are immune to petrification.


   Skills:
 - Level 2.0 Fighting
 + Level 4.1 Ranged Weapons
 - Level 1.5 Armour
 - Level 1.5 Dodging
 - Level 1.0 Spellcasting
 - Level 2.6 Hexes


You had 4 spell levels left.
You knew the following spells:

 Your Spells              Type           Power      Damage    Failure   Level
a - Slow                  Hex            28%        N/A       21%         1

Your spell library contained the following spells:

 Spells                   Type           Power      Damage    Failure   Level
 Inner Flame              Hex/Fire       4%         N/A       71%         3
 Portal Projectile        Hex/Tloc       8%         N/A       71%         3
 Cause Fear               Hex            3%         N/A       90%         4

Inventory:

Hand Weapons
 Y - a +2 sling (weapon)
Armour
 k - the +4 ring mail of Indestructible Leaves (worn) {rElec Will+}
   (You found it on level 2 of the Dungeon)

   rElec:     It insulates you from electricity.
   Will:      It increases your willpower.
Potions
 a - a potion of invisibility {unknown}
 e - a potion of attraction {unknown}
 f - a potion of resistance {unknown}
 g - a potion of lignification {unknown}
 h - a potion of heal wounds {unknown}
 i - a potion of curing
 j - a potion of degeneration {unknown}

Dungeon Overview and Level Annotations

Branches:
Dungeon (3/15)

Altars:
Hepliaklqana


Message History

(D) Dungeon
Where to? (* - list waypoints, Enter - D:3, ? - help)
What level of the Dungeon? (default 1, ? - help)
There is a stone staircase leading down here.
You climb downwards.
The bat hits you but does no damage. The adder bites you but does no damage.
There is a stone staircase leading up here.
You shoot a sling bullet. The sling bullet hits the gnoll.
The gnoll is lightly wounded.
The adder bites you but does no damage. The gnoll hits you with a +0 flail!
The adder bites you but does no damage.
1794 ||| STAIRDANCE The gnoll hits you from afar with a +0 halberd!
The gnoll hits you but does no damage. The adder closely misses you.
You climb upwards.
There is a stone staircase leading down here.
You shoot a sling bullet.
The sling bullet barely misses the gnoll.
The adder bites you but does no damage. The gnoll barely misses you.
The adder bites you but does no damage. The gnoll hits you but does no damage.
You shoot a sling bullet.
The sling bullet completely misses the gnoll.
The adder bites you. The gnoll closely misses you.
The adder closely misses you.
You shoot a sling bullet.
The sling bullet closely misses the gnoll.
The adder bites you but does no damage. The gnoll hits you with a +0 flail.
The adder closely misses you.
You shoot a sling bullet. The sling bullet hits the gnoll.
The gnoll is heavily wounded.
The gnoll hits you with a +0 flail. The adder completely misses you.
The gnoll hits you but does no damage.
You shoot a sling bullet. The sling bullet hits the gnoll.
The gnoll is severely wounded.
The adder barely misses you. The gnoll closely misses you.
The adder bites you but does no damage.
You shoot a sling bullet.
The sling bullet closely misses the gnoll.
The adder closely misses you. The gnoll hits you but does no damage.
The adder bites you.
You die...

#####[#.## #.# ##.##
#.### ### #...# ###.# #
#.# ## #.#
.###############.#
.....(.........S.#
.###############@#
....# #g# ###.#########
#.# ..%.........# #.#
###)#######.# #.# #.#
###.# #.#
###.#####...####.#
.................######
###.#####.######......#


You could see a gnoll and an adder.

Vanquished Creatures
  Natasha (D:2)
  A gnoll (D:2)
  An adder (D:2)
  A dart slug (D:2)
  4 ball pythons
  6 endoplasms (D:1)
  A giant cockroach (D:1)
  5 goblins
  4 hobgoblins
  8 jackals
  6 kobolds
  2 quokkas (D:1)
  3 bats
  6 frilled lizards
  4 rats
53 creatures vanquished.

Notes
Turn   | Place    | Note
-------+----------+-------------------------------------------
     0 | D:1      | qw the Gargoyle Hexslinger began the quest for the Orb.
     0 | D:1      | Reached XP level 1. HP: 12/12 MP: 2/2
     0 | D:1      | 0 ||| qw: Version: 0.3-a-46-gb1f654a
     0 | D:1      | 0 ||| qw: Game counter: 1440
     0 | D:1      | 0 ||| qw: Melee chars always use a shield: true
     0 | D:1      | 0 ||| qw: God list: Okawaru
     0 | D:1      | 0 ||| qw: Allow faded altars: false
     0 | D:1      | 0 ||| qw: Do Orc after clearing Dungeon:15 true
     0 | D:1      | 0 ||| qw: Do second Lair branch before Depths: true
     0 | D:1      | 0 ||| qw: Lair rune preference: random
     0 | D:1      | 0 ||| qw: Goals: Normal
     0 | D:1      | 0 ||| PLANNING D:1-11
   101 | D:1      | Reached XP level 2. HP: 16/16 MP: 3/3
   176 | D:1      | Reached skill level 3 in Ranged Weapons
   330 | D:1      | Reached XP level 3. HP: 21/21 MP: 4/4
   744 | D:1      | 744 ||| READING scroll labelled GAATHR CENG.
   745 | D:1      | 745 ||| READING scroll labelled QEMUF HAILEU.
   746 | D:1      | 746 ||| READING scroll labelled JOONESIHAS.
   747 | D:1      | 747 ||| DROPPING scroll of poison.
   979 | D:2      | Found a hazy altar of Hepliaklqana.
  1241 | D:2      | 1241 ||| FLEEEEING.
  1242 | D:2      | 1242 ||| FLEEEEING.
  1292 | D:2      | Reached XP level 4. HP: 10/26 MP: 5/5
  1404 | D:2      | Reached skill level 4 in Ranged Weapons
  1502 | D:2      | Identified the +4 ring mail of Indestructible Leaves {rElec
                  | Will+}
  1688 | D:2      | 1688 ||| UPGRADING to +0 ring mail.
  1698 | D:2      | 1698 ||| DROPPING +0 robe.
  1699 | D:2      | 1699 ||| UPGRADING to +4 ring mail of Indestructible Leaves
                  | {rElec Will+}.
  1709 | D:2      | 1709 ||| DROPPING +0 ring mail.
  1710 | D:2      | 1710 ||| READING scroll labelled BOTISTINUX.
  1711 | D:2      | 1711 ||| READING scroll labelled VAMYTYUGGESI.
  1712 | D:2      | 1712 ||| DRINKING 2 bubbling clear potions.
  1732 | D:3      | Noticed Natasha
  1735 | D:3      | 1735 ||| STAIRDANCE
  1741 | D:2      | Killed Natasha
  1742 | D:2      | Reached skill level 1 in Armour
  1757 | D:3      | 1757 ||| STAIRDANCE
  1794 | D:3      | 1794 ||| STAIRDANCE
  1798 | D:2      | HP: 6/26 [gnoll/+0 flail (2)]
  1799 | D:2      | HP: 2/26 [gnoll/+0 flail (4)]
  1801 | D:2      | Slain by an adder

Levels and vault maps discovered:
D:1:      dpeg_arrival_shrine, layout_loops_cross
D:2:      cheibrodos_helix_gallery, layout_loops_ring, basic_altar
D:3:      layout_rooms, dreamdust_ecumenical_altar_angels_and_demons,
          gammafunk_ghost_stat_death, uniq_natasha

Skill      XL: |  1  2  3  4 |
---------------+-------------+-----
Ranged Weapons | 3 4 |  4.1
Fighting       | 2 |  2.0
Armour         | 1 |  1.5
Dodging        | |  1.5
Spellcasting   | |  1.0
Hexes          | |  2.6

Action                     |  1- 3 |  4- 6 || total
---------------------------+-------+-------++-------
   Fire: Sling             |   164 |    35 ||   199
    Use: Scroll            |     3 |     2 ||     5
         Potion            |       |     1 ||     1
 Armour: Robe              |    53 |       ||    53
         Ring mail         |       |    35 ||    35
  Dodge: Dodged            |    72 |    32 ||   104

Table legend:
 A = Non-vault XP
 B = Vault XP
 C = Vault XP percentage of total XP
 D = Non-vault monster count
 E = Vault monster count
 F = Vault count percentage of total count
                 A         B        C        D         E       F
            +---------+---------+-------+---------+---------+-------
      Total |     108 |      39 |  26.5 |      50 |       3 |   5.7
            +---------+---------+-------+---------+---------+-------
        D:1 |      50 |       0 |   0.0 |      29 |       0 |   0.0
        D:2 |      58 |      39 |  40.2 |      21 |       3 |  12.5
            +---------+---------+-------+---------+---------+-------
